 Dungeon Crawl Stone Soup version 0.32-a0-131-g9dbbe29261 (webtiles) character file.

Game seed: 17404245999454599814

182741 Invocatus the Naga Aeon (level 18, -5/178 HPs)
             Began as a Naga Alchemist on Feb 8, 2024.
             Was the Champion of Cheibriados.
             Slain by a shock serpent (14 damage)
             ... on level 3 of the Snake Pit.
             The game lasted 01:14:25 (46199 turns).

Invocatus the Naga Aeon (Naga Alchemist)           Turns: 46199, Time: 01:14:25

Health: -5/178     AC: 26    Str: 26    XL:     18   Next: 35%
Magic:  20/37      EV:  8    Int: 46    God:    Cheibriados [******]
Gold:   729        SH: 10    Dex: 27    Spells: 26/47 levels left

rFire   + . .        P - +7 double sword (flame) {rare}
rCold   . . .        X - +2 buckler
rNeg    . . .        p - +2 chain mail "Docaniag" {Will- Int+8}
rPois   +            f - +2 helmet
rElec   .            m - +0 cloak
rCorr   .            d - +0 pair of gloves
SInv    +            E - +2 barding {rF+}
Will    +....        r - amulet of magic regeneration Stlth
                     Z - ring of wizardry
HPRegen 0.49/turn    U - ring of the Mage {Wiz Archmagi}
MPRegen 0.65/turn

%: wizardry (x2), archmagi
@: very slow
A: AC +6, large, see invisible, deformed body, poison resistance, slowness 2,
spit poison 1, naga tail 2
a: Spit Poison, Renounce Religion, Bend Time, Temporal Distortion, Slouch, Step
From Time


You were on level 3 of the Snake Pit.
You worshipped Cheibriados.
Cheibriados was exalted by your worship.
You visited 6 branches of the dungeon, and saw 30 of its levels.

You collected 2528 gold pieces.
You spent 1799 gold pieces at shops.

Inventory:

Hand Weapons
 u - a +2 dagger of distortion {!w}
 P - a +7 double sword of flaming (weapon) {rare}
Missiles
 W - 4 curare-tipped darts {=f}
Armour
 d - a +0 pair of gloves (worn)
 f - a +2 helmet (worn)
 m - a +0 cloak (worn)
 p - the +2 chain mail "Docaniag" (worn) {Will- Int+8}
   (You found it on level 3 of the Dungeon)

   Int+8:     It affects your intelligence (+8).
   Will-:     It decreases your willpower.
 x - a +2 kite shield of reflection
 E - a +2 barding of fire resistance (worn)
 H - +4 storm dragon scales {Bai Suzhen}
 X - a +2 buckler (worn)
Magical Staves
 D - the staff "Qitan" {rF++ rCorr Str-5 Dex-3 Conj, !a}
   (You found it on level 9 of the Dungeon)

   [staff of conjuration]

   Base accuracy: +5 Base damage: 5 Base attack delay: 1.2 This weapon's minimum
   attack delay (0.6) is reached at skill level 12.
   Str-5:     It affects your strength (-5).
   Dex-3:     It affects your dexterity (-3).
   rF++:      It greatly protects you from fire.
   rCorr:     It protects you from acid and corrosion.
   Conj:      It increases the power of your Conjurations spells.
   It falls into the 'Staves' category.
   It is a one-handed weapon.
 I - a staff of air {!a}
Jewellery
 a - the ring of Veaj {rC+ Str+5 Int-4 Dex+6 SInv}
   (You found it on level 12 of the Dungeon)

   [ring of dexterity]

   Str+5:     It affects your strength (+5).
   Int-4:     It affects your intelligence (-4).
   Dex+6:     It affects your dexterity (+6).
   rC+:       It protects you from cold.
   SInv:      It lets you see invisible.
 g - an amulet of regeneration
 r - an amulet of magic regeneration (around neck)
 A - an amulet of the acrobat
 B - the amulet "Ywae" {Faith Rampage rF++ Str-3 SInv, forbidden}
   (You took it off a centaur warrior on level 9 of the Dungeon)

   [amulet of faith]

   Faith:     It allows you to gain divine favour quickly.
   Str-3:     It affects your strength (-3).
   rF++:      It greatly protects you from fire.
   SInv:      It lets you see invisible.
   Rampage:   It bestows one free step when moving towards enemies.
   Cheibriados disapproves of the use of such an item.
 C - a ring of protection from cold
 L - a ring of flight
 N - a ring of positive energy
 U - the ring of the Mage (right hand) {Wiz Archmagi}
   (You bought it in a shop on level 2 of the Orcish Mines)

   [ring of wizardry]

   Wiz:       It improves your spell success rate.
   Archmagi:  It increases the power of your magical spells.
 Z - a ring of wizardry (left hand)
Wands
 J - a wand of digging (7)
Scrolls
 e - 7 scrolls of immolation {!r!r}
 h - 3 scrolls of enchant weapon
 i - a scroll of poison
 j - 5 scrolls of identify {@r1}
 k - 2 scrolls of amnesia
 n - 2 scrolls of blinking {!r}
 q - 5 scrolls of enchant armour
 y - 5 scrolls of fog
 K - 2 scrolls of silence {!r}
 M - 4 scrolls of teleportation {@r4}
 O - 2 scrolls of revelation
 S - a scroll of fear
 T - 2 scrolls of vulnerability {!r!r}
Potions
 b - 5 potions of magic
 c - 2 potions of cancellation
 l - 3 potions of lignification {!q}
 s - 3 potions of resistance
 t - 2 potions of mutation {!q}
 v - 2 potions of might
 w - 2 potions of brilliance
 z - 2 potions of ambrosia
 F - 4 potions of berserk rage {!q}
 G - 2 potions of enlightenment
 Q - 6 potions of curing {@q1}
 R - a potion of heal wounds {@q2}
 V - 3 potions of attraction {!q}
 Y - a potion of invisibility
Miscellaneous
 o - a phantom mirror (inert)


   Skills:
 - Level 15.0 Fighting
 - Level 5.0 Armour
 - Level 5.0 Dodging
 - Level 3.0 Stealth
 - Level 10.0 Shields
 - Level 15.0 Spellcasting
 + Level 8.5 Conjurations
 - Level 7.0 Summonings
 - Level 6.0 Ice Magic
 - Level 7.0 Air Magic
 - Level 10.0 Alchemy
 - Level 15.0 Invocations


You had 26 spell levels left.
You knew the following spells:

 Your Spells              Type           Power      Damage    Failure   Level
a - Animate Armour        Summ/Erth      100%       N/A       2%          4
d - Static Discharge      Conj/Air       100%       3-8/arc   1%          2
l - Summon Lightning Spi  Summ/Air       99%        N/A       1%          4
o - Olgreb's Toxic Radia  Alch           100%       N/A       1%          4
s - Sting                 Conj/Alch      100%       1d9       1%          1
S - Sculpt Simulacrum     Ice/Alch       52%        N/A       6%          6

Your spell library contained the following spells:

 Spells                   Type           Power      Damage    Failure   Level
 Ensorcelled Hibernation  Hex/Ice        100%       N/A       1%          2
 Mercury Vapours          Alch/Air       100%       N/A       1%          2
 Call Canine Familiar     Summ           99%        N/A       1%          3
 Frozen Ramparts          Ice            100%       1d16      1%          3
 Mephitic Cloud           Conj/Alch/Air  100%       N/A       1%          3
 Ozocubu's Armour         Ice            94%        N/A       1%          3
 Stone Arrow              Conj/Erth      100%       3d13      1%          3
 Summon Ice Beast         Ice/Summ       96%        N/A       1%          3
 Swiftness                Air            99%        N/A       1%          3
 Airstrike                Air            49%        2d(8-24)  1%          4
 Brom's Barrelling Bould  Conj/Erth      84%        2d10      1%          4
 Flame Wave               Conj/Fire      84%        2d18      1%          4
 Leda's Liquefaction      Alch/Erth      44%        N/A       1%          4
 Petrify                  Alch/Erth      88%        N/A       1%          4
 Sticky Flame             Fire/Alch      88%        2d13      1%          4
 Iskenderun's Battlesphe  Conj           100%       2d15      1%          5
 Fugue of the Fallen      Necr           51%        N/A       3%          3
 Inner Flame              Hex/Fire       51%        N/A       3%          3
 Passwall                 Erth           51%        N/A       3%          3
 Sigil of Binding         Hex            51%        N/A       3%          3
 Tukima's Dance           Hex            51%        N/A       3%          3
 Fireball                 Conj/Fire      42%        3d17      5%          5
 Conjure Ball Lightning   Conj/Air       51%        3x3d18    7%          6
 Metabolic Englaciation   Hex/Ice        37%        N/A       9%          5
 Animate Dead             Necr           51%        N/A       11%         4
 Dimensional Bullseye     Hex/Tloc       25%        N/A       11%         4
 Manifold Assault         Tloc           51%        N/A       11%         4
 Orb of Destruction       Conj           53%        9d13      24%         7
 Borgnjor's Vile Clutch   Necr/Erth      25%        N/A       26%         5
 Lee's Rapid Deconstruct  Erth           25%        3d14*     26%         5
 Death Channel            Necr           25%        N/A       78%         6
 Lehudib's Crystal Spear  Conj/Erth      42%        10d10     100%        8


Dungeon Overview and Level Annotations

Branches:
Dungeon (15/15)            Temple (1/1) D:6            Lair (5/5) D:9
  Swamp (3/4) Lair:3        Snake (4/4) Lair:3        Slime (0/5) Lair:5
    Orc (2/2) D:9             Elf (0/3) Orc:2        Vaults (0/5) D:14
 Depths (0/4) D:15

Altars:
Ashenzari
Cheibriados
Dithmenos
Elyvilon
Fedhas
Gozag
Hepliaklqana
Kikubaaqudgha
Makhleb
Nemelex Xobeh
Okawaru
Qazlal
Ru
Sif Muna
Trog
Uskayaw
Vehumet
Wu Jian
Xom
Yredelemnul
Zin
The Shining One
Jiyva

Shops:
D:1 *   D:11 **   Orc:2 *=[(   Snake:3 [   Snake:4 (


Innate Abilities, Weirdness & Mutations

Your serpentine skin is tough. (AC +6)
You have supernaturally acute eyesight. (SInv)
Armour fits poorly on your strangely shaped body.
Your system is resistant to poisons. (rPois)
You cover ground very slowly.
You can spit poison.
You can use your snake-like lower body to constrict enemies.


Message History

The anaconda bites you! The anaconda constricts you.
The shock serpent shoots out a bolt of lightning at you!
The bolt of electricity hits you! The bolt of electricity hits you!!
The bolt of electricity hits the shock serpent.
The shock serpent completely resists.
You block the anaconda's attack. The anaconda constricts you.
The shock serpent bites your animated chain mail!
The shock serpent shocks your animated chain mail!
You block the anaconda's attack. The anaconda constricts you.
The black mamba bites your animated chain mail!
The shock serpent bites your animated chain mail!
Your animated chain mail is destroyed!
Your animated chain mail disappears in a puff of smoke!
The shock serpent shoots out a bolt of lightning at you!
The bolt of electricity hits you!! The bolt of electricity hits you!
* * * LOW HITPOINT WARNING * * *
The bolt of electricity hits the shock serpent.
The shock serpent completely resists.
Casting: Sculpt Simulacrum (dangerous; 6% risk of failure)
Confirm with . or Enter, or press ? or * to list all spells.
You don't know that spell.
Unknown command.
You can feel time thicken for a moment.
You kill the anaconda!
Cheibriados appreciates the change of pace.
You kill the black mamba!
Cheibriados thoroughly appreciates the change of pace.
You kill the water moccasin!
Cheibriados thoroughly appreciates the change of pace.
You kill the black mamba!
Cheibriados thoroughly appreciates the change of pace.
You kill the water moccasin!
Cheibriados thoroughly appreciates the change of pace.
The shock serpent's electric aura discharges violently, shocking you!
* * * LOW HITPOINT WARNING * * *
The shock serpent's electric aura discharges violently, shocking you!
* * * LOW HITPOINT WARNING * * *
The shock serpent's electric aura discharges violently, shocking you!
* * * LOW HITPOINT WARNING * * *
The sea snake bites you!
* * * LOW HITPOINT WARNING * * *
The shock serpent shoots out a bolt of lightning at you!
The bolt of electricity hits the shock serpent.
The shock serpent completely resists.
The bolt of electricity hits you!
* * * LOW HITPOINT WARNING * * *
The shock serpent bites you!
* * * LOW HITPOINT WARNING * * *
The shock serpent shocks you!
You die...
Cheibriados appreciates the motionlessness of death.

##...##..######
#...# #........# #
....###.....##.#
....##....###.#
#...##.....##.######
.†.†#.....###.#...#
#SS.#......#.......
#†SS#....#.........
#S@§#.......#......
#..○#......######.#
#####......# ##.#
#.# ##.....# #.##
###.# ####..# ##.##
#..## #######....
##.## #..#...).
#...## ##........
##...####
##.....#...


You could see a sea snake, 3 shock serpents and a black mamba.

Vanquished Creatures
  Rupert (D:14)
  Frances (Swamp:2)
  Kirke (D:12)
  Roxanne (Swamp:2)
  A fenstrider witch (Swamp:2)
  2 orc warlords
  A dire elephant (D:15)
  3 bunyips
  The ghost of fpsbossfight the Thaumaturge, a journeyman GnAE of Vehumet (Lair:2)
  An ettin (Orc:2)
  7 hydras
  The ghost of Deunung the Fighter, a journeyman DjCj of Makhleb (Lair:1)
  An ogre mage (D:15)
  6 alligators
  7 centaur warriors
  2 salamander tyrants
  3 tengu warriors
  6 anacondas
  A naga warrior (Snake:2)
  3 boulder beetles
  5 two-headed ogres
  3 death yaks (Lair:2)
  5 shock serpents
  A skyshark (Lair:5)
  10 salamander mystics
  4 goliath frogs
  3 skeletal warriors (D:13)
  3 mana vipers
  A spriggan druid (Swamp:1)
  3 swamp dragons (Swamp:1)
  Pikel (D:9)
  An orc knight (D:15)
  2 deep elf pyromancers (D:15)
  18 ugly things
  A wolf spider (D:15)
  2 orc sorcerers
  9 cyclopes
  2 manticores (D:15)
  2 will-o-the-wisps
  2 moths of wrath (Lair:1)
  9 salamanders
  A guardian serpent (Snake:2)
  A naga mage (Snake:3)
  20 black mambas
  A molten gargoyle (Lair:3)
  10 cane toads
  2 gargoyles (D:13)
  2 komodo dragons
  A tengu conjurer (D:13)
  4 rime drakes
  A komodo dragon (shapeshifter) (D:14)
  3 unseen horrors
  Psyche (D:8)
  5 polar bears
  10 trolls
  A wind drake (shapeshifter) (D:15)
  A queen bee (shapeshifter) (D:15)
  7 tyrant leeches
  4 hornets
  13 blink frogs
  A shadow (D:11)
  10 slime creatures
  2 water elementals (D:15)
  7 wyverns
  A vampire (D:13)
  6 wraiths
  38 yaks
  4 hogs (D:12)
  2 basilisks
  A human (shapeshifter) (D:15)
  5 vampire mosquitoes
  3 nagas
  19 swamp worms
  13 water moccasins
  A swamp drake (Swamp:1)
  15 orc warriors
  2 laughing skulls (D:13)
  A sky beast (D:7)
  2 ogres (D:15)
  7 wolves
  9 centaurs
  3 lemures (D:9)
  3 kobold brigands
  11 bullfrogs
  A gnoll sergeant (D:6)
  4 scorpions
  7 wights (D:9)
  7 killer bees (D:10)
  2 howler monkeys
  10 electric eels
  A bombardier beetle (D:6)
  4 lava snakes (Lair:3)
  13 orc priests
  A gnoll bouda (D:7)
  7 hounds
  3 iguanas
  14 orc wizards
  A mummy (D:5)
  A boggart simulacrum (D:14)
  Robin (D:2)
  17 gnolls
  12 adders
  A shadow imp (D:5)
  2 white imps
  2 ufetubi (D:6)
  A ribbon worm (D:2)
  A dart slug (D:1)
  63 orcs
  5 ball pythons
  5 bats
  2 endoplasms (D:1)
  5 giant cockroaches
  13 goblins
  12 hobgoblins
  18 kobolds
  A nameless horror (Snake:3)
  4 quokkas
  2 frilled lizards
  6 rats
640 creatures vanquished.

Vanquished Creatures (collateral kills)
  Bai Suzhen (Swamp:2)
  Vashnia (Snake:2)
  A thorn hunter (Swamp:2)
  2 nagarajas (Snake:2)
  The ghost of Punaxali the Severer, a journeyman MiBe of Trog (Snake:3)
  A stone giant (Orc:2)
  A bunyip (Swamp:1)
  The ghost of Vuarud the Worldbinder, a journeyman FeSu of the Shining One (Snake:3)
  2 ettins (Orc:2)
  6 anacondas
  5 hydras
  2 salamander tyrants
  2 alligators
  The ghost of seren the Changeling, a novice DrSh of Nemelex Xobeh (D:8)
  A death yak (Lair:2)
  A shock serpent (Snake:3)
  12 naga warriors
  13 naga sharpshooters
  Urug (Lair:3)
  2 salamander mystics
  A goliath frog (Swamp:1)
  3 mana vipers
  4 sea snakes (Snake:4)
  2 naga ritualists
  2 swamp dragons (Swamp:1)
  7 salamanders
  An orc sorcerer (Orc:2)
  3 cyclopes (Orc:2)
  2 will-o-the-wisps
  A kobold blastminer (Orc:1)
  18 black mambas
  2 guardian serpents
  7 naga magi
  A molten gargoyle (Lair:3)
  12 cane toads
  A rime drake (Lair:2)
  4 komodo dragons
  4 polar bears (Lair:4)
  7 tyrant leeches
  A bloated husk (Swamp:1)
  5 blink frogs
  7 yaks
  2 wyverns
  A basilisk (Lair:2)
  2 wargs
  3 vampire mosquitoes (Lair:5)
  32 nagas
  6 water moccasins
  2 swamp drakes (Swamp:1)
  8 orc warriors
  2 black bears
  2 wolves (Lair:2)
  2 ogres
  2 jellies (Lair:5)
  A lava snake (Lair:3)
  3 orc priests (Orc:1)
  4 orc wizards
  10 orcs
  3 endoplasms (Lair:5)
237 creatures vanquished.

Vanquished Creatures (others)
  4 bloated husks
  34 foxfires
38 creatures vanquished.

Grand Total: 915 creatures vanquished

Notes
Turn   | Place    | Note
-------+----------+-------------------------------------------
     0 | D:1      | Invocatus the Naga Alchemist began the quest for the Orb.
     0 | D:1      | Reached XP level 1. HP: 15/15 MP: 3/3
   222 | D:1      | Reached XP level 2. HP: 22/22 MP: 0/5
   839 | D:1      | Found Yrabif's General Store.
   861 | D:1      | Bought a potion of curing for 30 gold pieces
   964 | D:1      | Reached XP level 3. HP: 28/28 MP: 4/6
  1624 | D:2      | Noticed Robin
  2042 | D:1      | Reached skill level 3 in Spellcasting
  2186 | D:2      | Killed Robin
  2187 | D:2      | Reached XP level 4. HP: 36/36 MP: 4/8
  2195 | D:2      | Learned a level 4 spell: Olgreb's Toxic Radiance
  2540 | D:2      | Found a basalt altar of Yredelemnul.
  2738 | D:3      | Found a glowing golden altar of the Shining One.
  2740 | D:3      | Noticed an angel
  2761 | D:3      | Found a basalt altar of Yredelemnul.
  2763 | D:3      | Noticed a profane servitor
  2975 | D:3      | Found a faded altar of an unknown god.
  3052 | D:3      | Found a sacrificial altar of Ru.
  3087 | D:3      | Identified the +2 chain mail "Docaniag" {Will- Int+8}
  3703 | D:4      | Reached XP level 5. HP: 40/42 MP: 4/10
  4385 | D:4      | Reached skill level 6 in Alchemy
  4454 | D:4      | Found a hide-covered altar of Uskayaw.
  4514 | D:5      | Entered Level 5 of the Dungeon
  4633 | D:5      | Reached XP level 6. HP: 47/49 MP: 6/12
  5019 | D:5      | Found a sand-covered staircase.
  5079 | D:5      | Learned a level 2 spell: Static Discharge
  5126 | D:5      | Noticed a water moccasin
  5134 | D:5      | Killed a water moccasin
  5135 | D:5      | Reached XP level 7. HP: 13/55 MP: 0/13
  5741 | D:6      | Reached skill level 9 in Alchemy
  5977 | D:6      | Found a staircase to the Ecumenical Temple.
  5984 | Temple   | Entered the Ecumenical Temple
  5998 | Temple   | Became a worshipper of Cheibriados the Contemplative
  6222 | D:6      | Reached skill level 1 in Fighting
  6222 | D:6      | Reached XP level 8. HP: 67/67 MP: 3/14
  6323 | D:6      | Reached skill level 3 in Fighting
  6928 | D:7      | Reached skill level 1 in Summonings
  6928 | D:7      | Reached skill level 1 in Air Magic
  7225 | D:7      | Reached * piety under Cheibriados
  7270 | D:7      | Noticed a hornet
  7274 | D:7      | Killed a hornet
  7442 | D:7      | Reached skill level 3 in Summonings
  7442 | D:7      | Reached skill level 3 in Air Magic
  7445 | D:7      | Reached XP level 9. HP: 62/79 MP: 1/15
  7696 | D:8      | Reached ** piety under Cheibriados
  7980 | D:8      | Found a runed translucent door.
  7980 | D:8      | Noticed seren's ghost (novice DrSh)
  8582 | D:8      | Noticed Psyche
  8589 | D:8      | Killed Psyche
  8590 | D:8      | Reached skill level 6 in Fighting
  9434 | D:9      | Reached *** piety under Cheibriados
  9595 | D:9      | Reached XP level 10. HP: 62/91 MP: 9/16
  9764 | D:9      | Reached skill level 6 in Summonings
  9764 | D:9      | Reached skill level 6 in Air Magic
  9922 | D:9      | Found a staircase to the Orcish Mines.
 10048 | D:9      | Found a staircase to the Lair.
 10226 | D:9      | Noticed Pikel
 10233 | D:9      | Killed Pikel
 10233 | D:9      | Reached **** piety under Cheibriados
 10333 | D:9      | Noticed a centaur warrior
 10472 | D:9      | Noticed a cyclops
 10472 | D:9      | Noticed a brown ugly thing
 10482 | D:9      | Killed a brown ugly thing
 10483 | D:9      | Killed a cyclops
 10485 | D:9      | Noticed a two-headed ogre
 10537 | D:9      | Identified the amulet "Ywae" {Faith Rampage rF++ Str-3
                  | SInv}
 10537 | D:9      | Noticed a centaur warrior
 10545 | D:9      | Killed a centaur warrior
 10546 | D:9      | Reached skill level 9 in Fighting
 10546 | D:9      | Reached XP level 11. HP: 50/108 MP: 0/17
 10874 | D:9      | Killed a two-headed ogre
 10983 | D:9      | Killed a centaur warrior
 10984 | D:9      | Reached skill level 1 in Armour
 11387 | D:9      | Identified the staff "Qitan" {rF++ rCorr Str-5 Dex-3 Conj}
 11516 | D:10     | Entered Level 10 of the Dungeon
 12120 | D:10     | Found a sparkling altar of Nemelex Xobeh.
 12278 | D:10     | Found a radiant altar of Vehumet.
 12581 | Lair:1   | Entered Level 1 of the Lair of Beasts
 12621 | Lair:1   | Reached skill level 3 in Dodging
 12735 | Lair:1   | Paralysed by a hornet for 1 turns
 12741 | Lair:1   | Reached skill level 6 in Spellcasting
 12880 | Lair:1   | Reached skill level 3 in Armour
 12881 | Lair:1   | Reached ***** piety under Cheibriados
 13204 | Lair:1   | Noticed Deunung's ghost (journeyman DjCj)
 13208 | Lair:1   | Noticed a moth of wrath
 13982 | Lair:1   | Found a transporter.
 14033 | Lair:1   | Noticed a moth of wrath
 14130 | Lair:1   | Found a transporter.
 14304 | Lair:1   | Learned a level 4 spell: Summon Lightning Spire
 14322 | Lair:2   | Noticed a death yak
 14322 | Lair:2   | Noticed a death yak
 14323 | Lair:2   | Noticed a death yak
 14325 | Lair:2   | Noticed a death yak
 14330 | Lair:2   | Killed a death yak
 14331 | Lair:2   | Reached skill level 1 in Invocations
 14331 | Lair:2   | Reached XP level 12. HP: 56/116 MP: 4/22
 14331 | Lair:2   | Killed a death yak
 14620 | Lair:2   | Killed a death yak
 14645 | Lair:2   | Killed a death yak
 14818 | Lair:2   | Reached skill level 3 in Invocations
 15306 | Lair:2   | Found a runed translucent gate.
 15306 | Lair:2   | Found a runed translucent gate.
 15306 | Lair:2   | Found a runed translucent gate.
 15307 | Lair:2   | Noticed fpsbossfight's ghost (journeyman GnAE)
 16077 | Lair:3   | Reached skill level 6 in Invocations
 16471 | Lair:3   | Reached skill level 9 in Spellcasting
 16541 | Lair:3   | Noticed Urug
 16547 | Lair:3   | Killed Urug
 16548 | Lair:3   | Gained mutation: You can use your snake-like lower body to
                  | constrict enemies. [Naga growth]
 16548 | Lair:3   | Reached XP level 13. HP: 108/123 MP: 14/26
 16748 | Lair:3   | Found a staircase to the Swamp.
 16835 | Lair:3   | Found a staircase to the Snake Pit.
 17637 | Lair:4   | Reached ****** piety under Cheibriados
 17996 | Lair:4   | Reached skill level 9 in Invocations
 19081 | Lair:5   | Entered Level 5 of the Lair of Beasts
 19087 | Lair:5   | Reached skill level 1 in Shields
 19246 | Lair:5   | Found a viscous altar of Jiyva.
 19271 | Lair:5   | Found a staircase to the Slime Pits.
 19499 | Lair:5   | Reached skill level 3 in Shields
 19763 | Lair:5   | Reached skill level 12 in Invocations
 19763 | Lair:5   | Reached XP level 14. HP: 125/132 MP: 19/28
 21013 | Lair:5   | Identified the +1 plate armour "Loves" {rElec Dex+4}
 21455 | Orc:1    | Entered Level 1 of the Orcish Mines
 21470 | Orc:1    | Noticed an orc warlord
 21481 | Orc:1    | Killed an orc warlord
 21709 | Orc:1    | Found a bloodstained altar of Trog.
 22025 | Orc:2    | Entered Level 2 of the Orcish Mines
 22039 | Orc:2    | Found Ekkajugu's General Store.
 22039 | Orc:2    | Noticed an orc warlord
 22047 | Orc:2    | Killed an orc warlord
 22265 | Orc:2    | Noticed a stone giant
 22412 | Orc:2    | Found a staircase to the Elven Halls.
 22449 | Orc:2    | Killed a stone giant
 22577 | Orc:2    | Bought a scroll of blinking for 90 gold pieces
 22581 | Orc:2    | Found Xantok's Jewellery Shoppe.
 22615 | Orc:2    | Found Lieguj's Antique Armour Shop.
 22866 | Orc:2    | Found Lan Yjikk's Antique Weapon Emporium.
 23186 | Orc:2    | Bought an amulet of magic regeneration for 390 gold pieces
 23186 | Orc:2    | Bought the ring of the Mage {Wiz Archmagi} for 663 gold
                  | pieces
 23186 | Orc:2    | Found the ring of the Mage {Wiz Archmagi}
 23359 | D:11     | Found Voal Daecw's Assorted Antiques.
 23413 | D:11     | Found Qehaec's Assorted Antiques.
 23447 | D:11     | Bought a scroll of teleportation for 72 gold pieces
 23447 | D:11     | Bought a scroll of blinking for 180 gold pieces
 23447 | D:11     | Bought a scroll of amnesia for 96 gold pieces
 23987 | D:12     | Identified the ring of Veaj {rC+ Str+5 Int-4 Dex+6 SInv}
 23989 | D:12     | Reached skill level 12 in Spellcasting
 24060 | D:12     | Noticed Kirke
 24073 | D:12     | Killed Kirke
 24074 | D:12     | Reached XP level 15. HP: 93/138 MP: 29/31
 26463 | D:13     | Reached skill level 15 in Invocations
 27228 | D:14     | Found a gate to the Vaults.
 27814 | D:14     | Noticed Rupert
 27824 | D:14     | Killed Rupert
 28490 | D:15     | Entered Level 15 of the Dungeon
 30160 | D:15     | Found a staircase to the Depths.
 30692 | D:15     | Reached skill level 6 in Shields
 31536 | D:1      | Bought a scroll of teleportation for 30 gold pieces
 31751 | D:11     | Bought a thin malachite amulet for 155 gold pieces
 31751 | D:11     | Bought a potion of curing for 93 gold pieces
 31911 | Swamp:1  | Entered Level 1 of the Swamp
 31944 | Swamp:1  | Reached XP level 16. HP: 30/148 MP: 0/34
 33673 | Swamp:2  | Noticed a thorn hunter
 33681 | Swamp:2  | Killed a thorn hunter
 33805 | Swamp:2  | Noticed Frances
 33814 | Swamp:2  | Killed Frances
 34234 | Swamp:2  | Noticed Roxanne
 34353 | Swamp:2  | Reached skill level 12 in Fighting
 34353 | Swamp:2  | Reached skill level 15 in Spellcasting
 34705 | Swamp:3  | Noticed a fenstrider witch
 34718 | Swamp:2  | Killed a fenstrider witch
 35118 | Swamp:3  | Got the Tome of Ice and Misfortune
 35139 | Swamp:3  | Learned a level 6 spell: Sculpt Simulacrum
 35144 | Swamp:3  | Noticed Bai Suzhen
 35560 | Swamp:3  | Reached skill level 1 in Ice Magic
 36545 | Snake:1  | Entered Level 1 of the Snake Pit
 36562 | Snake:1  | Reached skill level 3 in Ice Magic
 37219 | Snake:1  | HP: 1/154 [salamander tyrant (27)]
 38021 | Snake:2  | Reached skill level 6 in Ice Magic
 38050 | Snake:2  | Reached XP level 17. HP: 131/163 MP: 30/36
 40729 | Snake:2  | Identified the +8 chain mail of Lesser Demons {Rampage +Inv
                  | Str+3}
 40776 | Snake:2  | Reached skill level 15 in Fighting
 40823 | Snake:2  | Noticed Vashnia
 41299 | Snake:2  | Reached skill level 3 in Conjurations
 41583 | Snake:2  | Killed Vashnia
 42100 | Snake:2  | Learned a level 4 spell: Animate Armour
 42414 | Snake:3  | Found a runed translucent gate.
 42414 | Snake:3  | Found a runed translucent gate.
 42415 | Snake:3  | Found a runed translucent gate.
 42416 | Snake:3  | Noticed Vuarud's ghost (journeyman FeSu)
 42416 | Snake:3  | Noticed Punaxali's ghost (journeyman MiBe)
 42487 | Snake:3  | Found Tomutsy's Antique Armour Emporium.
 43341 | Snake:3  | Reached skill level 6 in Conjurations
 43441 | Snake:3  | Reached skill level 9 in Shields
 44222 | D:8      | Killed seren's ghost
 44332 | Lair:1   | Reached XP level 18. HP: 146/166 MP: 24/37
 44338 | Lair:1   | Killed Deunung's ghost
 44548 | Lair:2   | Killed fpsbossfight's ghost
 44735 | Swamp:2  | Killed Roxanne
 44906 | Swamp:2  | Killed Bai Suzhen
 45129 | Snake:3  | Killed Vuarud's ghost
 45135 | Snake:3  | Killed Punaxali's ghost
 45407 | Snake:4  | Entered Level 4 of the Snake Pit
 45755 | Snake:4  | Found Xuytz's Weapon Shoppe.
 46199 | Snake:3  | Slain by a shock serpent

Illustrated notes

Levels and vault maps discovered:
D:1:      dpeg_arrival_water_temple_mockup, layout_basic, serial_shops,
          nicolae_shop_advertising_works [nicolae_subvault_shop_adworks]
D:2:      layout_basic, basic_altar, serial_aquarium, aquarium_bridge_square
          [aquarium_subvault_bridge, aquarium_subvault_bridge,
          aquarium_subvault_bridge, aquarium_subvault_wall], aquarium_window_1,
          aquarium_window_1, aquarium_view_2d, aquarium_view_2a,
          aquarium_balcony_double_4, aquarium_pool_side, uniq_robin
D:3:      layout_loops_ring, grunt_temple_overflow_holy_war, marbit_many_paths,
          hellmonk_ecumenical_altar_blasted,
          nicolae_concentric_dashed_squares_wild, nicolae_figureground_sparkle
D:4:      kennysheep_big_flooded_room, layout_rooms, kennysheep_mini
D:5:      layout_basic, gup_ossuary_entry_pyramid
D:6:      lemuel_ice_spiral_2, layout_basic, minmay_temple_entry_proselytizer,
          kennysheep_dice
D:7:      layout_rooms
D:8:      layout_gridville, gammafunk_ghost_grave, uniq_psyche
D:9:      layout_stronghold, erik_lair_island, serial_bayou,
          serial_bayou_lagoon_a, serial_bayou_lake_a, serial_bayou_pond_e,
          serial_bayou_pond_a, minmay_diamond_spiral, uniq_pikel
D:10:     layout_basic, mainiacjoe_overflow_big_doors, serial_bayou_pond_c
D:11:     layout_cave_pools, serial_shops, nicolae_shop_waterfront,
          nicolae_shop_competitors_out_of_business
D:12:     layout_cave_pools, uniq_kirke
D:13:     layout_stronghold, serial_park_tiny_2
D:14:     layout_loops_ring, hellmonk_vaults_attempted_burglary,
          infiniplex_staircase_pillars_3a, uniq_rupert
D:15:     hangedman_depths_entry_try_elsewhere_first, layout_basic,
          lemuel_nasty_fountain
Temple:   lightli_temple_of_artemis
Lair:1:   layout_cave_pods, gammafunk_ghost_berserking_beasts,
          grunt_megastairs_5
Lair:2:   layout_hall_layers, ebering_ghost_rock_garden, serial_bayou_shore_a,
          grunt_megastairs_1
Lair:3:   cheibrodos_magma_flow, layout_cave_pods, minmay_swamp_entry_worms,
          dummy_snake_entry, uniq_urug
Lair:4:   layout_big_grid, beast_lair_carwin_6
Lair:5:   minmay_lair_end_frog_pond, layout_cave_pods, slime_entry_2
Swamp:1:  layout_basic_swamp, evilmike_swamp_ruin_house_2, st_swamp_ruins_4
Swamp:2:  cheibrodos_swamp_tower_of_moss, layout_basic_swamp,
          infiniplex_staircase_pool, uniq_roxanne, uniq_frances
Swamp:3:  layout_falls_marsh, evilmike_swamp_ruin_house_1,
          hangedman_swamp_wriggling, uniq_bai_suzhen
Snake:1:  cheibrodos_snake_lava_hold, layout_layer_cave
Snake:2:  layout_basic, grunt_megastairs_2, uniq_vashnia
Snake:3:  nicolae_snake_attic_fulla_snakes, layout_chambers,
          gammafunk_ghost_cemetery, serial_shops,
          nicolae_shop_overgrown_old_shop
Snake:4:  minmay_snake_end_coiled, layout_onion_interference, serial_shops,
          nicolae_shop_temple_entry_statues_fountains, serial_bayou_lagoon_b
Orc:1:    layout_caves, basic_altar, nicolae_orc_beogh_chapel,
          trog_butcher_becter
Orc:2:    grunt_orc_gardens, layout_diamond_mine, grunt_orc_garden,
          grunt_orc_garden, grunt_orc_garden, grunt_orc_garden

Skill      XL: |  1  2  3  4  5  6  7  8  9 10 11 12 13 14 15 16 17 18 |
---------------+-------------------------------------------------------+-----
Alchemy        | 4 5 6 8 10 | 10.0
Spellcasting   | 3 4 6 9 10 12 14 15 | 15.0
Fighting       | 1 4 6 9 10 13 15 | 15.0
Summonings     | 3 5 7 |  7.0
Air Magic      | 3 5 7 |  7.0
Armour         | 4 5 |  5.0
Dodging        | 4 5 |  5.0
Invocations    | 1 7 12 14 15 | 15.0
Shields        | 3 5 6 7 9 10 | 10.0
Ice Magic      | 6 |  6.0
Conjurations   | 6 8 |  8.5
Stealth        | |  3.0

Action                     |  1- 3 |  4- 6 |  7- 9 | 10-12 | 13-15 | 16-18 || total
---------------------------+-------+-------+-------+-------+-------+-------++-------
  Melee: Dagger            |     1 |    16 |    50 |    62 |    44 |       ||   173
         Punch             |       |     1 |     6 |    10 |    16 |       ||    33
         Constrict         |       |       |       |       |    53 |    50 ||   103
         Double sword      |       |       |       |       |   110 |   170 ||   280
         Unarmed           |       |       |       |       |     5 |       ||     5
   Cast: Sting             |    68 |   108 |    33 |    23 |    26 |     1 ||   259
         Olgreb's Toxic Ra |       |     4 |    49 |    80 |   233 |   195 ||   561
         Static Discharge  |       |     4 |    17 |   100 |   218 |    44 ||   383
         Summon Lightning  |       |       |       |    18 |    64 |   120 ||   202
         Sculpt Simulacrum |       |       |       |       |       |    30 ||    30
         Animate Armour    |       |       |       |       |       |    34 ||    34
 Invoke: Slouch            |       |       |       |       |     3 |     7 ||    10
         Step From Time    |       |       |       |       |     1 |     1 ||     2
Ability: Spit Poison       |     7 |     5 |    17 |    14 |    36 |     5 ||    84
  Evoke: Wand              |       |       |     4 |     1 |    13 |       ||    18
         Phantom mirror    |       |       |       |       |       |     1 ||     1
    Use: Scroll            |       |       |    12 |     6 |    13 |    13 ||    44
         Potion            |       |       |       |     1 |     5 |     6 ||    12
   Stab: Paralysed         |       |       |     7 |       |     2 |       ||     9
         Distracted        |       |       |       |       |       |    15 ||    15
 Armour: Robe              |    34 |    41 |    94 |       |       |       ||   169
         Chain mail        |       |       |    15 |   365 |   882 |   766 ||  2028
         Skin              |       |       |       |       |     3 |       ||     3
  Dodge: Dodged            |    21 |    25 |    61 |   101 |   212 |   140 ||   560
  Block: Buckler           |       |       |       |       |    74 |   219 ||   293

Table legend: (Time is in decaauts)
 A = Elapsed time spent in this place.
 B = Non-inter-level travel time spent in this place.
 C = Inter-level travel time spent in this place.
 D = Time resting spent in this place.
 E = Time spent auto-exploring this place.
 F = Levels seen in this place.
 G = Mean time per level.
                   A        B        C        D        E       F      G
               +--------+--------+--------+--------+--------+-----+--------+
         Total |  74534 |  65923 |   8611 |   7027 |  53252 |  30 | 2484.5 |
       Dungeon |  34017 |  29138 |   4879 |   2133 |  24678 |  15 | 2267.8 |
        Temple |     43 |      1 |     42 |      0 |      0 |   1 |   43.0 |
          Lair |  15902 |  13991 |   1911 |    658 |  12240 |   5 | 3180.4 |
         Swamp |   7424 |   6776 |    648 |   1720 |   4352 |   3 | 2474.7 |
     Snake Pit |  14020 |  13080 |    940 |   2184 |   9671 |   4 | 3505.0 |
  Orcish Mines |   3126 |   2937 |    189 |    331 |   2310 |   2 | 1563.0 |
               +--------+--------+--------+--------+--------+-----+--------+

Top non-repeatable levels by time:
 Snake:1: 5017 daAuts
 Snake:3: 4621 daAuts
    D:15: 4614 daAuts
  Lair:3: 4179 daAuts
    D:13: 3861 daAuts
     D:9: 3754 daAuts
  Lair:1: 3739 daAuts
 Snake:2: 3725 daAuts
  Lair:5: 3634 daAuts
    D:14: 3536 daAuts
     D:8: 2882 daAuts
 Swamp:1: 2854 daAuts
 Swamp:2: 2808 daAuts
  Lair:4: 2354 daAuts
     D:1: 2324 daAuts
